 Dungeon Crawl Stone Soup version 0.28-a0-779-g3d1f99b579 (webtiles) character file.

Game seed: 15282639386884672556

680 croobank the Sneak (level 7, -1/36 HPs)
             Began as a Spriggan Brigand on Nov 3, 2021.
             Was a Follower of Vehumet.
             Splashed by a jelly's acid (9 damage)
             ... on level 6 of the Dungeon.
             The game lasted 01:09:20 (6769 turns).

croobank the Sneak (Spriggan Brigand)               Turns: 6769, Time: 01:09:32

Health: -1/36      AC: -5    Str:  9    XL:     7   Next: 34%
Magic:  4/8        EV: 18    Int: 12    God:    Vehumet [*.....]
Gold:   186        SH:  0    Dex: 17    Spells: 5/6 levels left

rFire   + . .      SeeInvis +   m - +1 short sword (venom)
rCold   x . .      Faith    .   (shield restricted)
rNeg    + . .      Spirit   .   b - +0 robe
rPois   .          Reflect  .   (helmet restricted)
rElec   .          Harm     .   c - +0 cloak
rCorr   .          Rampage  .   (gloves unavailable)
Will    +....                   (boots unavailable)
Stlth   ++++......              q - amulet of the acrobat
HPRegen 0.12/turn               w - ring of fire
MPRegen 0.11/turn               l - ring of positive energy

@: corroded, very quick
A: very small, no large weapons, unfitting armour, see invisible, speed 3
a: Renounce Religion


You were on level 6 of the Dungeon.
You worshipped Vehumet.
Vehumet was aware of your devotion.
You visited 1 branch of the dungeon, and saw 6 of its levels.

You collected 186 gold pieces.

Inventory:

Hand Weapons
 a - a +2 dagger
 d - a +1 dagger of venom
 i - a +0 short sword
 m - a +1 short sword of venom (weapon)
 n - a +0 hand axe
 r - a +0 trident
 s - a +0 rapier
 v - a +0 long sword
Missiles
 g - 48 arrows
 k - 129 stones
 o - 29 bolts
Armour
 b - a +0 robe (worn)
 c - a +0 cloak (worn)
 j - a +0 ring mail
 p - a +0 leather armour
Jewellery
 l - a ring of positive energy (right hand)
 q - an amulet of the acrobat (around neck)
 w - a ring of fire (left hand)
Wands
 e - a wand of polymorph (12)
Scrolls
 t - 2 scrolls of fear
 u - a scroll of teleportation
Potions
 f - a potion of lignification {unknown}


   Skills:
 + Level 3.0 Fighting
 + Level 5.0 Short Blades
 + Level 5.2 Throwing
 + Level 3.6 Dodging
 + Level 7.0 Stealth


You had 5 spell levels left.
You knew the following spells:

 Your Spells              Type           Power      Damage    Failure   Level
a - Shock                 Conj/Air       0%         1d3       32%         1

Your spell library contained the following spells:

 Spells                   Type           Power      Damage    Failure   Level


Dungeon Overview and Level Annotations

Branches:
Dungeon (6/15)             Temple (0/1) D:5

Altars:
Uskayaw
Vehumet

Shops:
D:5 :

Annotations:
D:4 1 runed translucent door, Dazliare's ghost, amateur FoBr
D:5 Blork the orc; Eustachio


Innate Abilities, Weirdness & Mutations

You are very small and have problems with some larger weapons.
You are too small for most types of armour.
You have supernaturally acute eyesight. (SInv)
You cover ground extremely quickly. (Speed+++)


Message History

Nothing appears to happen.
Aiming: Shock (safe; 32% risk of failure)
Press: ? - help, Q - select action, (/) - cycle Shift-Dir - straight line, f/p - Blork the orc
Aim: Blork the orc, wielding a +0 short sword and wearing a +2 robe (lightly wounded, 69% to hit)
The zap misses Blork the orc.
Blork the orc gestures at you while chanting.
The puff of frost hits you!
You feel a terrible chill!
Your magical contamination has completely faded away.
There is a stone staircase leading down here.
You climb downwards.
There is a stone staircase leading up here.
A jelly comes into view.
Aiming: Shock (safe; 32% risk of failure)
Press: ? - help, Q - select action, (/) - cycle Shift-Dir - straight line The zap hits the jelly.
The jelly is lightly wounded.
The jelly quivers.
The zap hits the jelly.
The jelly is moderately wounded.
You hit the jelly.
Your hands burn!
The jelly is heavily wounded.
The jelly closely misses you.
You hit the jelly.
Your hands burn!
The jelly is heavily wounded.
The jelly barely misses you.
You barely miss the jelly.
The jelly is heavily wounded.
You hit the jelly. The acid corrodes you!
Your hands burn!
The jelly is almost dead.
The jelly misses you.
You hit the jelly but do no damage. The acid corrodes you!
Your hands burn!
The jelly is almost dead.
The jelly closely misses you.
You hit the jelly but do no damage.
The jelly is poisoned.
Your hands burn!
* * * LOW HITPOINT WARNING * * *
The jelly is almost dead.
The jelly hits you.
* * * LOW HITPOINT WARNING * * *
You are splashed with acid!
You die...

*,*,,,** **,,,,,**
**,,*,*** *,,,,,,*
**,,,** *,,,,**,
*,,,,,,* *#+** *,*****,
**,,,,,****##.### *,*
*, **,,,*#,,,,....# *,*
*, **,**#.####.#.# *,*
*, *,* #........# *,*
*, *,* *,,#.....# *,*
*, *,* *,,*#.J@.# *,*
*,
*,***,,*#....########.#
**
*,,,,.....#.....<.....#
****#........##########
##.####.## #,,,...#
***#####


You could see a jelly (poisoned).

Vanquished Creatures
  A black bear (D:5)
  2 bullfrogs
  A scorpion (D:5)
  A water moccasin skeleton (D:5)
  A howler monkey (D:4)
  A centaur zombie (D:3)
  A jelly (D:5)
  2 iguanas
  An orc wizard (D:6)
  A scorpion zombie (D:5)
  A howler monkey skeleton (D:5)
  4 adders
  An ufetubus (D:5)
  4 worms
  2 dart slugs
  8 orcs
  6 ball pythons
  8 endoplasms
  2 giant cockroaches
  7 goblins
  10 hobgoblins
  3 quokkas
  2 bats (D:3)
  5 frilled lizards
  6 kobolds
  5 rats
86 creatures vanquished.

Notes
Turn   | Place    | Note
-------+----------+-------------------------------------------
     0 | D:1      | croobank the Spriggan Brigand began the quest for the Orb.
     0 | D:1      | Reached XP level 1. HP: 10/10 MP: 2/2
    43 | D:1      | Reached skill level 6 in Stealth
   201 | D:1      | Found a faded altar of an unknown god.
   353 | D:1      | Reached XP level 2. HP: 15/15 MP: 3/3
  1258 | D:2      | Reached XP level 3. HP: 18/18 MP: 4/4
  2672 | D:3      | Found a radiant altar of Vehumet.
  2681 | D:3      | Reached XP level 4. HP: 9/23 MP: 5/5
  2938 | D:3      | Became a worshipper of Vehumet
  4460 | D:4      | Reached XP level 5. HP: 25/26 MP: 6/6
  4679 | D:4      | Found a runed translucent door.
  4683 | D:4      | Noticed Dazliare's ghost (amateur FoBr)
  5623 | D:5      | Entered Level 5 of the Dungeon
  5627 | D:5      | Found Kiq Hyb's Book Boutique.
  5639 | D:5      | Reached skill level 7 in Stealth
  5639 | D:5      | Reached XP level 6. HP: 23/31 MP: 7/7
  5647 | D:5      | Noticed Blork the orc
  5959 | D:5      | HP: 1/32 [Blork the orc/puff of frost (19)]
  5970 | D:5      | Noticed a two-headed ogre
  6014 | D:5      | Reached * piety under Vehumet
  6014 | D:5      | Offered knowledge of Shock by Vehumet.
  6017 | D:5      | Learned a level 1 spell: Shock
  6308 | D:5      | Reached XP level 7. HP: 35/35 MP: 8/8
  6341 | D:5      | Found a staircase to the Ecumenical Temple.
  6386 | D:5      | Reached skill level 5 in Throwing
  6392 | D:5      | Reached skill level 5 in Short Blades
  6518 | D:5      | Noticed Eustachio
  6616 | D:5      | Noticed a +0 dagger
  6619 | D:5      | Noticed a +0 falchion
  6620 | D:5      | Noticed a +0 falchion
  6620 | D:5      | Noticed a +0 dagger
  6620 | D:5      | Noticed a +0 spear
  6621 | D:5      | Noticed a +0 spear
  6621 | D:5      | Noticed a +0 short sword
  6622 | D:5      | Noticed a +0 short sword
  6623 | D:5      | Found a hide-covered altar of Uskayaw.
  6769 | D:6      | Splashed by a jelly's acid

Illustrated notes

Levels and vault maps discovered:
D:1:      dpeg_arrival_long_road, layout_basic,
          ebering_ecumenical_altar_abandoned
D:2:      layout_basic, minmay_strange_pillars, grunt_ministairs_12
D:3:      layout_rooms, nicolae_vehumet_radiance, minmay_misc_feat_columns,
          minmay_ruptured
D:4:      layout_basic, ebering_ghost_sewer_d, cheibrodos_sewer_entry_bend
D:5:      layout_basic, nicolae_uskayaw_en_pointe, minmay_temple_entry_glass,
          serial_shops, kennysheep_mini, uniq_eustachio, uniq_blork_the_orc
D:6:      layout_loops_corners, mainiacjoe_overflow_small_starburst

Skill      XL: |  1  2  3  4  5  6  7 |
---------------+----------------------+-----
Stealth        | 6 7 |  7.0
Throwing       | 3 4 5 |  5.2
Fighting       | 2 3 |  3.0
Dodging        | 2 3 |  3.6
Short Blades   | 3 4 5 |  5.0

Action                   |  1- 3 |  4- 6 |  7- 9 || total
-------------------------+-------+-------+-------++-------
Melee: Dagger            |    71 |       |       ||    71
       Short sword       |     8 |   161 |    30 ||   199
Throw: Dart              |    69 |     2 |     1 ||    72
       Stone             |    56 |   129 |     8 ||   193
 Cast: Shock             |       |       |     6 ||     6
  Use: Scroll            |     1 |     3 |     3 ||     7
       Potion            |     1 |     2 |       ||     3
Armor: Robe              |     7 |    21 |     3 ||    31
Dodge: Dodged            |    28 |   124 |    17 ||   169

Table legend: (Time is in decaauts)
 A = Elapsed time spent in this place.
 B = Non-inter-level travel time spent in this place.
 C = Inter-level travel time spent in this place.
 D = Time resting spent in this place.
 E = Time spent auto-exploring this place.
 F = Levels seen in this place.
 G = Mean time per level.
                   A        B        C        D        E       F      G
               +--------+--------+--------+--------+--------+-----+--------+
         Total |   5344 |   5282 |     62 |   1810 |   1998 |   6 |  890.7 |
       Dungeon |   5344 |   5282 |     62 |   1810 |   1998 |   6 |  890.7 |
               +--------+--------+--------+--------+--------+-----+--------+

Top non-repeatable levels by time:
     D:4: 1687 daAuts
     D:3: 1049 daAuts
     D:1: 944 daAuts
     D:2: 939 daAuts
     D:5: 650 daAuts
     D:6: 72 daAuts
